 Dungeon Crawl Stone Soup version 0.24.0-125-gc4c63601f3 (webtiles) character file.

Game seed: 12166488230643674082, levelgen mode: deterministic

67 MisterOstroum the Chopper (level 4, 24/38 HPs)
             Began as a Ghoul Gladiator on Mar 3, 2020.
             Quit the game on level 2 of the Dungeon.
             The game lasted 00:03:28 (1735 turns).

MisterOstroum the Chopper (Ghoul Gladiator)         Turns: 1735, Time: 00:03:29

Health: 24/38      AC:  7    Str: 18    XL:     4   Next: 16%
Magic:  3/3        EV: 11    Int:  3    God:
Gold:   90         SH:  0    Dex: 10    Spells: 3/3 levels left

rFire    . . .     SeeInvis .   h - +0 hand axe
rCold    + . .     Gourm    .   (no shield)
rNeg     + + +     Faith    .   m - +0 ring mail
rPois    ∞         Spirit   .   c - +0 helmet
rElec    .         Reflect  .   (no cloak)
rCorr    .         Harm     .   k - +0 pair of gloves
MR       .....                  (no boots)
Stlth    ..........             (no amulet)
HPRegen  0.12/turn              (no ring)
MPRegen  0.08/turn              (no ring)

@: rotting
A: rotting body, claws 1, carnivore, cold resistance 1, negative energy
resistance 3, inhibited regeneration, torment resistance, unbreathing
a: no special abilities


You were on level 2 of the Dungeon.
You were not hungry.

You visited 1 branch of the dungeon, and saw 3 of its levels.

You collected 90 gold pieces.

Inventory:

Hand Weapons
 a - a +0 war axe
 h - a +0 hand axe (weapon)
Missiles
 d - 5 throwing nets {!f}
 g - 44 stones (quivered)
 q - 23 bolts
 t - 20 arrows
Armour
 b - a +0 leather armour
 c - a +0 helmet (worn)
 k - a +0 pair of gloves (worn)
 m - a +0 ring mail (worn)
Scrolls
 f - a scroll of amnesia {unknown}
 j - 2 scrolls of identify {unknown}
 n - a scroll of remove curse {unknown}
 r - 4 scrolls of fog {unknown}
Potions
 i - a potion of experience {unknown}
 l - 2 potions of might {unknown}
 p - a potion of ambrosia {unknown}
 s - a potion of haste {unknown}
Comestibles
 e - 3 rations
 o - 4 chunks of flesh


   Skills:
 + Level 3.0 Fighting
 * Level 3.4 Axes
 - Level 1.7 Throwing
 - Level 1.1 Armour
 + Level 3.1 Dodging


You had 3 spell levels left.
You didn't know any spells.
Your spell library was empty.

Dungeon Overview and Level Annotations

Branches:
Dungeon (3/15)

Altars:


Innate Abilities, Weirdness & Mutations

Your body is rotting away.
You thrive on raw meat.
You are immune to poison.
You have sharp fingernails.
You are carnivorous and can eat meat at any time.
Your flesh is cold resistant. (rC+)
You are immune to negative energy. (rN+++)
You do not regenerate when monsters are visible.
You are immune to unholy pain and torment.
You can survive without breathing.


Message History

Throwing (i - inventory. (/) - cycle)
g - 47 stones (quivered)
Press: ? - help, Shift-Dir - straight line, f/p - bat
Aim: a bat You throw a stone.
The stone barely misses the bat.
You barely miss the bat. The bat misses you.
The bat hits you but does no damage.
You hit the bat.
You kill the bat!
HP restored.
g - 47 stones (gained 1)
There is a stone staircase leading up here.
You butcher the kobold corpse.
o - 2 chunks of flesh (gained 1)
There is a stone staircase leading up here.
You see here a kobold skeleton.
There is a stone staircase leading up here.
You see here a kobold skeleton.
You butcher the bat corpse.
o - 3 chunks of flesh (gained 1)
You see here a bat skeleton. x2
A rat and a hobgoblin come into view.
The hobgoblin shouts!
There are monsters nearby!
There are monsters nearby!
Throwing (i - inventory. (/) - cycle)
g - 47 stones (quivered)
Press: ? - help, Shift-Dir - straight line, f - hobgoblin
Aim: a hobgoblin You throw a stone.
The stone hits the hobgoblin but does no damage.
Throwing (i - inventory. (/) - cycle)
g - 46 stones (quivered)
Press: ? - help, Shift-Dir - straight line, f/p - hobgoblin
Aim: a hobgoblin You throw a stone.
The stone hits the hobgoblin but does no damage.
Throwing (i - inventory. (/) - cycle)
g - 45 stones (quivered)
Press: ? - help, Shift-Dir - straight line, f/p - hobgoblin
Aim: a hobgoblin You throw a stone.
The stone barely misses the hobgoblin.
You hit the hobgoblin but do no damage. The hobgoblin barely misses you.
You hit the hobgoblin.
The hobgoblin is moderately wounded.
You closely miss the rat.
The hobgoblin hits you but does no damage.
The rat barely misses you.
You barely miss the hobgoblin.
The hobgoblin is moderately wounded.
You hit the rat but do no damage.
The hobgoblin hits you but does no damage.
The rat bites you.
You hit the hobgoblin but do no damage. You hit the rat.
You kill the rat!
The hobgoblin closely misses you.
The hobgoblin hits you but does no damage.
You hit the hobgoblin but do no damage.
The hobgoblin hits you but does no damage.
You barely miss the hobgoblin. The hobgoblin barely misses you.
You hit the hobgoblin.
The hobgoblin is almost dead.
The hobgoblin hits you but does no damage.
You closely miss the hobgoblin.
The hobgoblin is almost dead.
The hobgoblin misses you.
You completely miss the hobgoblin.
The hobgoblin is almost dead.
The hobgoblin hits you but does no damage.
You slash the hobgoblin!
You kill the hobgoblin!
No target in view!
No target in view!
No target in view!
No target in view!
No target in view!
You butcher the hobgoblin corpse.
o - 4 chunks of flesh (gained 1)
You see here a hobgoblin skeleton. x2
You butcher the rat corpse.
o - 5 chunks of flesh (gained 1)
You see here a rat skeleton. x2
An orc and an orc wizard come into view.
The orc wizard shouts!
The orc shouts!
The orc moves out of view.
Found 10 gold pieces.
An orc comes into view. It is wielding a +0 club.
There are monsters nearby!
There are monsters nearby!
There are monsters nearby!
The orc moves out of view.
The orc wizard gestures at you while chanting.
The puff of flame hits you!
You see here a rat skeleton.
Eat one of 5 chunks of flesh? (ye/n/q)
You eat one of the 5 chunks of flesh.
This raw flesh tastes great!
The orc wizard gestures at you while chanting.
The puff of flame hits you!
There is a stone staircase leading up here.
You see here a kobold skeleton.
The orc shouts!
You climb upwards.
There is a stone staircase leading down here.
Are you sure you want to abandon this character and quit the game? (Confirm with "yes".)

########### #.# #.# #.#
#.# #.# ########### #.#
#.........# #.#
#.......>.# #.#
##........@# #.#
######..........# #.#
#.......÷.......####.#
##.######.#########...#
...###....# ##.###
#####..#### ##..# #..##
#..## ####.## #.##
.....# #.#


There were no monsters in sight!

Vanquished Creatures
  2 adders (D:2)
  2 leopard geckos
  4 giant cockroaches
  5 goblins
  5 hobgoblins
  2 jackals (D:1)
  A quokka (D:2)
  8 bats
  3 frilled lizards
  7 kobolds
  6 rats
45 creatures vanquished.

Notes
Turn   | Place    | Note
-------+----------+-------------------------------------------
     0 | D:1      | MisterOstroum the Ghoul Gladiator began the quest for the
                  | Orb.
     0 | D:1      | Reached XP level 1. HP: 17/17 MP: 0/0
     7 | D:1      | Noticed an anaconda
     7 | D:1      | Noticed a polar bear
     7 | D:1      | Noticed a worker ant
     7 | D:1      | Noticed a wolf
   112 | D:1      | Reached XP level 2. HP: 24/25 MP: 1/1
   595 | D:1      | Reached XP level 3. HP: 20/30 MP: 2/2
  1445 | D:2      | Reached skill level 1 in Armour
  1451 | D:2      | Reached XP level 4. HP: 35/37 MP: 3/3
  1735 | D:2      | Quit the game

Levels and vault maps discovered:
D:1:      onia_arrival_zoo_common, layout_loops_ring, minmay_misc_feat_columns
D:2:      layout_rooms
D:3:      layout_rooms, minmay_misc_feat_enclosed

Skill      XL: |  1  2  3  4 |
---------------+-------------+-----
Axes           | 3 |  3.4
Dodging        | 3 |  3.1
Armour         | 1 |  1.1
Fighting       | 3 |  3.0
Throwing       | |  1.7

Action                   |  1- 3 |  4- 6 || total
-------------------------+-------+-------++-------
Melee: War axe           |    39 |       ||    39
       Hand axe          |    72 |    30 ||   102
Throw: Stone             |     1 |     6 ||     7
  Eat: Chunk             |     6 |     2 ||     8
Armor: Leather armour    |    14 |       ||    14
       Ring mail         |    28 |    25 ||    53
Dodge: Dodged            |    77 |    20 ||    97
